 Dungeon Crawl Stone Soup version 0.25-a0-516-g7d600cd9ad (webtiles) character file.

Game seed: 5236774985856704753, levelgen mode: deterministic

2 Notrik the Ruffian (level 1, 0/16 HPs)
             Began as a Draconian Transmuter on Feb 17, 2020.
             Slain by a jackal (2 damage)
             ... on level 1 of the Dungeon.
             The game lasted 00:00:17 (30 turns).

Notrik the Ruffian (Draconian Transmuter)             Turns: 30, Time: 00:00:18

Health: 0/16       AC:  4    Str: 12    XL:     1   Next: 33%
Magic:  3/3        EV: 12    Int: 13    God:
Gold:   0          SH:  0    Dex: 11    Spells: 3/4 levels left

rFire    . . .     SeeInvis .     - Unarmed
rCold    . . .     Gourm    .   (no shield)
rNeg     . . .     Faith    .   (armour unavailable)
rPois    .         Spirit   .   (helmet restricted)
rElec    .         Reflect  .   (no cloak)
rCorr    .         Harm     .   (no gloves)
MR       .....                  (no boots)
Stlth    +.........             (no amulet)
HPRegen  0.05/turn              (no ring)
MPRegen  0.08/turn              (no ring)

@: no status effects
A: unfitting armour, cold-blooded, AC +4
a: no special abilities


You were on level 1 of the Dungeon.
You were not hungry.

You visited 1 branch of the dungeon, and saw 1 of its levels.

Inventory:

Missiles
 a - 12 arrows
Comestibles
 e - a ration {!d}


   Skills:
 + Level 1.2 Fighting
 + Level 1.8 Dodging
 + Level 3.0 Unarmed Combat
 + Level 2.0 Spellcasting
 + Level 2.0 Transmutations


You had 3 spell levels left.
You knew the following spells:

 Your Spells              Type           Power        Failure   Level  Hunger
a - Beastly Appendage     Tmut           #.....       11%         1    ##.....

Your spell library contained the following spells:

 Spells                   Type           Power        Failure   Level  Hunger
 Sticks to Snakes         Tmut           #.......     17%         2    ###....
 Spider Form              Tmut/Pois      #.........   45%         3    ####...
 Ice Form                 Ice/Tmut       #.......     86%         4    #####..
 Blade Hands              Tmut           #.........   97%         5    ######.


Dungeon Overview and Level Annotations

Branches:
Dungeon (1/15)

Altars:


Innate Abilities, Weirdness & Mutations

Your plain brown scales are hard. (AC +4)
You cannot fit into any form of body armour.
You are cold-blooded and may be slowed by cold attacks.


Message History

Found a puce potion.
You see here a jackal corpse.
You barely miss the jackal.
Your tail-slap misses the jackal.
Your punch misses the jackal. The jackal bites you.
The kobold hits you with a +0 dagger.
* * * LOW HITPOINT WARNING * * *
The jackal barely misses you.
The kobold throws a stone.
The stone hits you but does no damage.
You see here a stone.
The jackal barely misses you.
The kobold throws a stone.
The stone closely misses you.
You see here a stone.
The jackal barely misses you.
There is an open door here.
The jackal closely misses you. The jackal barely misses you.
The jackal bites you but does no damage.
You see here a stone.
You hit the jackal but do no damage.
The jackal bites you but does no damage.
The jackal closely misses you.
The jackal bites you but does no damage.
You hit the jackal but do no damage. The jackal barely misses you.
The jackal bites you.
* * * LOW HITPOINT WARNING * * *
The jackal barely misses you. The jackal misses you.
You closely miss the jackal. The jackal closely misses you.
The jackal bites you.
* * * LOW HITPOINT WARNING * * *
The jackal barely misses you. x2
The jackal bites you but does no damage.
You hit the jackal but do no damage.
The jackal bites you but does no damage. x2
The jackal barely misses you.
You barely miss the jackal. The jackal barely misses you. The jackal bites you.
* * * LOW HITPOINT WARNING * * *
The jackal bites you.
* * * LOW HITPOINT WARNING * * *
The jackal closely misses you.
You completely miss the jackal.
The jackal bites you but does no damage.
The jackal barely misses you.
The jackal bites you but does no damage.
The jackal bites you.
* * * LOW HITPOINT WARNING * * *
The jackal closely misses you.
You barely miss the jackal.
Your tail-slap misses the jackal.
The jackal closely misses you. The jackal barely misses you.
The jackal bites you but does no damage.
You hit the jackal.
Your tail-slap misses the jackal.
The jackal bites you.
You die...

#.........# ##
#.........# ...
#.........#.
.... ..........
....###.......##
......(†.......#
...[^.r........#
....##h(.†.....#
. #@hK(†.....#
####h####$......
#≈≈≈≈≈≈≈#....###
#≈#≈<≈#≈#..h##
#≈###≈#≈#.h...
#≈≈≈≈≈≈#......
#≈#######.r.....
.!.....


You could see 3 jackals, a kobold and a rat.

Vanquished Creatures
  A jackal (D:1)
  A bat (D:1)
  A rat (D:1)
3 creatures vanquished.

Notes
Turn   | Place    | Note
-------+----------+-------------------------------------------
     0 | D:1      | Notrik the Draconian Transmuter began the quest for the
                  | Orb.
     0 | D:1      | Reached XP level 1. HP: 16/16 MP: 3/3
    30 | D:1      | Slain by a jackal

Levels and vault maps discovered:
D:1:      ncdulo_wetmaze, layout_rooms, minmay_hexomino_c4

Action                   || total
-------------------------++-------
Melee: Unarmed           ||    13
       Tailslap          ||     1
Armor: Skin              ||     9
Dodge: Dodged            ||    27

Table legend:
 A = Non-vault XP
 B = Vault XP
 C = Vault XP percentage of total XP
 D = Non-vault monster count
 E = Vault monster count
 F = Vault count percentage of total count
                 A         B        C        D         E       F
            +---------+---------+-------+---------+---------+-------
      Total |       4 |       0 |   0.0 |       3 |       0 |   0.0
            +---------+---------+-------+---------+---------+-------
        D:1 |       4 |       0 |   0.0 |       3 |       0 |   0.0
            +---------+---------+-------+---------+---------+-------
